 Dungeon Crawl Stone Soup version 0.31.0-1-g2c135a0 (webtiles) character file.

Game seed: 14064127092554228042

270 jagoly the Trooper (level 6, -7/39 HPs)
             Began as a Gargoyle Monk on Jan 26, 2024.
             Splashed by a jelly's acid (8 damage)
             ... on level 4 of the Dungeon.
             The game lasted 00:09:39 (1025 turns).

jagoly the Trooper (Gargoyle Monk)                  Turns: 1025, Time: 00:09:39

Health: -7/39      AC:  4    Str: 16    XL:     6   Next: 22%
Magic:  6/6        EV: 11    Int: 11    God:
Gold:   126        SH:  0    Dex: 12    Spells: 5/5 levels left

rFire   . . .        b - +0 hand axe
rCold   . . .        d - orb {light}
rNeg    + . .        v - +0 ring mail
rPois   ∞            p - +0 helmet
rElec   +            (no cloak)
rCorr   .            i - +0 pair of gloves
SInv    .            (no boots)
Will    .....        (no amulet)
Stlth   +            (no ring)
HPRegen 0.26/turn    (no ring)
MPRegen 0.10/turn

%: no passive effects
@: corroded, glowing
A: sickness immunity, AC +4, negative energy resistance 1, electricity
resistance, torment resistance 1, petrification resistance
a: no special abilities


You were on level 4 of the Dungeon.
You visited 1 branch of the dungeon, and saw 5 of its levels.

You collected 126 gold pieces.

Inventory:

Hand Weapons
 a - a +4 sling
 b - a +0 hand axe (weapon)
 y - a +0 spear
 z - a +0 flail
Missiles
 k - 23 stones (quivered)
 u - 2 boomerangs
 x - a throwing net
Armour
 d - an orb of light (worn)
 i - a +0 pair of gloves (worn)
 j - an orb of energy
 o - a +0 robe
 p - a +0 helmet (worn)
 t - a +0 leather armour
 v - a +0 ring mail (worn)
 w - a +0 chain mail
Scrolls
 e - 3 scrolls of summoning {unknown}
 h - 2 scrolls of enchant armour {unknown}
 m - a scroll of fear {unknown}
 n - a scroll of immolation {unknown}
 s - 4 scrolls of identify {unknown}
Potions
 c - a potion of ambrosia
 f - a potion of mutation {unknown}
 g - a potion of resistance {unknown}
 l - a potion of attraction {unknown}
 q - 2 potions of curing {unknown}
 r - a potion of berserk rage {unknown}
 A - a potion of brilliance {unknown}


   Skills:
 + Level 4.7 Fighting
 + Level 4.2 Axes
 * Level 2.2 Armour
 - Level 3.0 Dodging
 - Level 2.0 Stealth


You had 5 spell levels left.
You didn't know any spells.
Your spell library was empty.

Dungeon Overview and Level Annotations

Branches:
Dungeon (5/15) Zot: 26387
 Temple: D:4-7

Altars:
Hepliaklqana
Ru
Wu Jian

Shops:
D:3 [


Innate Abilities, Weirdness & Mutations

You are immune to sickness and miasma.
Your stone body is resilient. (AC +4)
You are immune to poison.
You resist negative energy. (rN+)
You are resistant to electric shocks. (rElec)
You are resistant to unholy torment.
You are immune to petrification.


Message History

You hit the phantom.
The phantom is lightly damaged.
The phantom hits you.
You hit the phantom.
The phantom is lightly damaged.
The phantom hits you but does no damage.
You hit the phantom.
The phantom is heavily damaged.
The phantom barely misses you.
You hit the phantom but do no damage.
The phantom is heavily damaged.
The phantom hits you but does no damage.
You hit the phantom.
The phantom is heavily damaged.
The phantom hits you.
The phantom hits you but does no damage.
You hit the phantom but do no damage.
The phantom is heavily damaged.
The phantom hits you.
You hit the phantom but do no damage.
The phantom is heavily damaged.
The phantom barely misses you.
You hit the phantom.
The phantom is severely damaged.
The phantom closely misses you.
You hit the phantom.
The phantom is severely damaged.
The phantom hits you but does no damage.
You hit the phantom but do no damage.
The phantom is severely damaged.
The phantom barely misses you.
You hit the phantom.
The phantom is almost destroyed.
The phantom hits you but does no damage.
You hit the phantom.
You destroy the phantom!
Your Fighting skill increases to level 4!
You have reached level 5!
a - a +4 sling (weapon)
Press: ? - help, v - describe, . - travel, g - get item
Items here: a +0 club; a goblin corpse.
The floor.
This square is lit by a halo.
Items here: ( ) [ †.
You start removing your armour.
You continue taking off your +0 robe. x4
You finish taking off your +0 robe.
You start putting on your armour.
You continue putting on your +0 leather armour. x5
You finish putting on your +0 leather armour.
Okay, then.
u - 2 boomerangs
Found a stone staircase leading down.
HP restored.
A giant cockroach comes into view.
Found a white potion.
The giant cockroach moves out of view.
Found a scroll labelled IDOHUG DUFFI.
You shoot a sling bullet.
The sling bullet hits the giant cockroach.
The giant cockroach is heavily wounded.
The giant cockroach barely misses you.
The giant cockroach bites you but does no damage.
You shoot a sling bullet.
The sling bullet hits the giant cockroach but does no damage.
The giant cockroach is heavily wounded.
The giant cockroach closely misses you.
The giant cockroach bites you but does no damage.
You shoot a sling bullet.
The sling bullet barely misses the giant cockroach.
The giant cockroach bites you but does no damage.
You shoot a sling bullet.
The sling bullet barely misses the giant cockroach.
The giant cockroach bites you but does no damage.
The giant cockroach misses you.
You shoot a sling bullet.
The sling bullet hits the giant cockroach but does no damage.
The giant cockroach is heavily wounded.
The giant cockroach bites you. The giant cockroach misses you.
You shoot a sling bullet.
The sling bullet hits the giant cockroach.
You kill the giant cockroach!
Your Axes skill increases to level 4!
No target in view!
You see here a giant cockroach corpse.
q - 2 white potions (gained 1)
You see here a giant cockroach corpse.
h - 2 scrolls labelled IDOHUG DUFFI (gained 1)
There is a stone staircase leading down here.
You climb downwards.
There is a stone staircase leading up here.
You climb upwards.
There is a stone staircase leading down here.
Found a scroll labelled COCZUA NOIKKANG.
s - 2 scrolls labelled COCZUA NOIKKANG (gained 1)
Found a stone staircase leading up.
Found a chain mail.
There is a stone staircase leading up here.
You climb upwards.
Found 7 stones, a ring mail and a chain mail.
Found a stone staircase leading up.
There is a stone staircase leading down here.
k - 23 stones (gained 7)
There is a stone staircase leading down here.
Found 2 scrolls labelled KUOLEOL SEVA.
Found Egasalo's Antique Armour Emporium.
You see here a +0 ring mail.
v - a +0 ring mail You start removing your armour.
You continue taking off your +0 leather armour. x4
You finish taking off your +0 leather armour.
You start putting on your armour.
You continue putting on your +0 ring mail. x5
You finish putting on your +0 ring mail.
e - 3 scrolls labelled KUOLEOL SEVA (gained 2)
You see here a +0 chain mail.
w - a +0 chain mail
There is a stone staircase leading up here.
You climb upwards.
There is a stone staircase leading down here.
You climb downwards.
There is a stone staircase leading up here.
There is an entrance to Egasalo's Antique Armour Emporium here.
You can access your shopping list by pressing '$'.
Found a scroll labelled COCZUA NOIKKANG.
s - 3 scrolls labelled COCZUA NOIKKANG (gained 1)
The hobgoblin shouts!
There is a stone staircase leading down here.
You climb downwards.
There is a stone staircase leading up here.
A wight comes into view. It is wielding a +0 long sword.
A hound comes into view.
You shoot a sling bullet. The sling bullet hits the wight.
The wight is moderately damaged.
b - a +0 hand axe (weapon)
The wight barely misses you.
You hit the wight but do no damage.
The wight is moderately damaged.
The wight hits you but does no damage.
You hit the wight but do no damage.
The wight is moderately damaged.
The wight hits you but does no damage.
You hit the wight.
The wight is moderately damaged.
The wight barely misses you.
You hit the wight.
The wight is heavily damaged.
The wight misses you.
You hit the wight but do no damage.
The wight is heavily damaged.
The wight barely misses you.
You hit the wight but do no damage.
The wight is heavily damaged.
The wight hits you but does no damage.
You hit the wight.
The wight is severely damaged.
The wight hits you with a +0 long sword!
You hit the wight but do no damage.
The wight is severely damaged.
The wight closely misses you.
You barely miss the wight.
The wight is severely damaged.
The wight hits you but does no damage.
The wight hits you with a +0 long sword.
You hit the wight.
The wight is almost destroyed.
The wight hits you with a +0 long sword.
You hit the wight but do no damage.
The wight is almost destroyed.
The wight hits you with a +0 long sword.
* * * LOW HITPOINT WARNING * * *
You are too injured to fight recklessly!
You are too injured to fight recklessly!
Cleave: b) +0 hand axe
Press: ? - help, Dir - move target, f/p - wight
Aim: a wight, wielding a +0 long sword and wearing a +0 robe (almost destroyed, haloed, about 20% to evade your +0 hand axe)
You hit the wight but do no damage.
The wight is almost destroyed.
The wight closely misses you.
Cleave: b) +0 hand axe
Press: ? - help, Dir - move target, f/p - wight
Aim: a wight, wielding a +0 long sword and wearing a +0 robe (almost destroyed, haloed, about 20% to evade your +0 hand axe)
The hound barks!
You hit the wight but do no damage.
The wight is almost destroyed.
The wight barely misses you.
Cleave: b) +0 hand axe
Press: ? - help, Dir - move target, f/p - wight
Aim: a wight, wielding a +0 long sword and wearing a +0 robe (almost destroyed, haloed, about 20% to evade your +0 hand axe)
You hit the wight.
You destroy the wight!
Your Armour skill increases to level 1!
Cleave: b) +0 hand axe
Press: ? - help, Dir - move target, f - hound
Aim: a hound (haloed, about 30% to evade your +0 hand axe)
You hit the hound.
The hound is lightly wounded.
The hound closely misses you. The hound misses you.
Cleave: b) +0 hand axe
Press: ? - help, Dir - move target, f/p - hound
Aim: a hound (lightly wounded, haloed, about 30% to evade your +0 hand axe)
You hit the hound but do no damage.
The hound is lightly wounded.
The hound bites you but does no damage. The hound bites you.
Cleave: b) +0 hand axe
Press: ? - help, Dir - move target, f/p - hound
Aim: a hound (lightly wounded, haloed, about 30% to evade your +0 hand axe)
You barely miss the hound.
The hound is lightly wounded.
The hound barely misses you.
Cleave: b) +0 hand axe
Press: ? - help, Dir - move target, f/p - hound
Aim: a hound (lightly wounded, haloed, about 30% to evade your +0 hand axe)
You hit the hound.
The hound is moderately wounded.
The hound barely misses you. The hound bites you but does no damage.
Cleave: b) +0 hand axe
Press: ? - help, Dir - move target, f/p - hound
Aim: a hound (moderately wounded, haloed, about 30% to evade your +0 hand axe)
You hit the hound but do no damage.
The hound is moderately wounded.
The hound bites you but does no damage. The hound closely misses you.
Cleave: b) +0 hand axe
Press: ? - help, Dir - move target, f/p - hound
Aim: a hound (moderately wounded, haloed, about 30% to evade your +0 hand axe)
You barely miss the hound.
The hound is moderately wounded.
The hound barely misses you.
Cleave: b) +0 hand axe
Press: ? - help, Dir - move target, f/p - hound
Aim: a hound (moderately wounded, haloed, about 30% to evade your +0 hand axe)
You hit the hound but do no damage.
The hound is moderately wounded.
The hound bites you but does no damage. The hound bites you.
* * * LOW HITPOINT WARNING * * *
Cleave: b) +0 hand axe
Press: ? - help, Dir - move target, f/p - hound
Aim: a hound (moderately wounded, haloed, about 30% to evade your +0 hand axe)
You hit the hound.
The hound is severely wounded.
The hound bites you.
* * * LOW HITPOINT WARNING * * *
The hound closely misses you.
Cleave: b) +0 hand axe
Press: ? - help, Dir - move target, f/p - hound
Aim: a hound (severely wounded, haloed, about 30% to evade your +0 hand axe)
You hit the hound.
The hound is almost dead.
The hound bites you but does no damage.
Cleave: b) +0 hand axe
Press: ? - help, Dir - move target, f/p - hound
Aim: a hound (almost dead, haloed, about 30% to evade your +0 hand axe)
You hit the hound.
You kill the hound!
Training target 3.0 for Dodging reached!
Your Dodging skill increases to level 3!
Things that are here:
a +0 long sword; a +0 robe; a hound corpse
a - a +4 sling (weapon)
A ribbon worm comes into view.
You shoot a sling bullet. The sling bullet hits the ribbon worm.
The ribbon worm is moderately wounded.
You shoot a sling bullet. The sling bullet hits the ribbon worm.
The ribbon worm is moderately wounded.
The ribbon worm expels a string of sticky webbing.
The stream of webbing hits you but does no damage.
You are caught in a web!
You struggle to detach yourself from the web.
The web tears apart.
You shoot a sling bullet. The sling bullet hits the ribbon worm.
The ribbon worm is moderately wounded.
You shoot a sling bullet. The sling bullet hits the ribbon worm.
The ribbon worm is heavily wounded.
b - a +0 hand axe (weapon)
You hit the ribbon worm but do no damage.
The ribbon worm is heavily wounded.
The ribbon worm bites you but does no damage.
You hit the ribbon worm.
The ribbon worm is heavily wounded.
The ribbon worm barely misses you.
You slash the ribbon worm!
The ribbon worm is almost dead.
The ribbon worm expels a string of sticky webbing.
The stream of webbing hits you but does no damage.
You are caught in a web!
You struggle to detach yourself from the web.
The ribbon worm closely misses you.
The web tears apart.
The ribbon worm barely misses you.
You slash the ribbon worm!
You kill the ribbon worm!
No target in view!
a - a +4 sling (weapon)
Found a hazy altar of Hepliaklqana.
Found 12 gold pieces.
You now have 126 gold pieces (gained 12).
A gnoll comes into view. It is wielding a +0 whip.
The gnoll shouts!
You hear a shout!
A gnoll comes into view. It is wielding a +0 flail.
The gnoll attacks as it pursues you! The gnoll closely misses you.
b - a +0 hand axe (weapon)
You hit the gnoll but do no damage. The gnoll hits you with a +0 whip.
The gnoll hits you but does no damage.
You slash the gnoll!
The gnoll is heavily wounded.
You hit the gnoll.
The gnoll is lightly wounded.
A gnoll comes into view. It is wielding a +0 spear.
The gnoll hits you but does no damage.
The gnoll shouts!
You hit the gnoll.
The gnoll is heavily wounded.
The gnoll misses you.
You slash the gnoll!
You kill the gnoll!
A gnoll comes into view.
It is wielding a +0 halberd and quivering a throwing net.
You have reached level 6!
Unknown command.
Unknown command.
Unknown command.
Unknown command.
Unknown command.
Unknown command.
a - a +4 sling (weapon)
You shoot a sling bullet. The sling bullet hits the gnoll.
The gnoll is severely wounded.
The gnoll hits you with a +0 whip. The gnoll closely misses you.
You shoot a sling bullet. The sling bullet hits the gnoll.
The gnoll is severely wounded.
The gnoll closely misses you. The gnoll barely misses you.
The gnoll hits you with a +0 whip.
You shoot a sling bullet. The sling bullet hits the gnoll.
You kill the gnoll!
The gnoll hits you but does no damage. The gnoll barely misses you.
You shoot a sling bullet. The sling bullet hits the gnoll.
The gnoll is moderately wounded.
The gnoll hits you from afar with a +0 spear.
You shoot a sling bullet. The sling bullet hits the gnoll.
The gnoll is almost dead.
The gnoll barely misses you.
The gnoll hits you from afar with a +0 spear.
You shoot a sling bullet. The sling bullet hits the gnoll.
You kill the gnoll!
The gnoll hits you but does no damage.
Your Armour skill increases to level 2!
You shoot a sling bullet. The sling bullet hits the gnoll.
The gnoll is moderately wounded.
The gnoll closely misses you.
You shoot a sling bullet.
The sling bullet hits the gnoll but does no damage.
The gnoll is moderately wounded.
The gnoll hits you from afar with a +0 halberd. x2
b - a +0 hand axe (weapon)
The gnoll barely misses you.
You see here a +0 whip.
Cleave: b) +0 hand axe
Press: ? - help, Dir - move target, f/p - gnoll
Aim: a gnoll, wielding a +0 halberd and quivering a throwing net (moderately wounded, haloed, about 17% to evade your +0 hand axe)
You hit the gnoll.
The gnoll is severely wounded.
The gnoll hits you with a +0 halberd.
Cleave: b) +0 hand axe
Press: ? - help, Dir - move target, f/p - gnoll
Aim: a gnoll, wielding a +0 halberd and quivering a throwing net (severely wounded, haloed, about 17% to evade your +0 hand axe)
You hit the gnoll.
The gnoll is almost dead.
The gnoll hits you but does no damage.
Cleave: b) +0 hand axe
Press: ? - help, Dir - move target, f/p - gnoll
Aim: a gnoll, wielding a +0 halberd and quivering a throwing net (almost dead, haloed, about 17% to evade your +0 hand axe)
You barely miss the gnoll.
The gnoll is almost dead.
The gnoll closely misses you.
Cleave: b) +0 hand axe
Press: ? - help, Dir - move target, f/p - gnoll
Aim: a gnoll, wielding a +0 halberd and quivering a throwing net (almost dead, haloed, about 17% to evade your +0 hand axe)
You hit the gnoll but do no damage.
The gnoll is almost dead.
The gnoll barely misses you. The gnoll hits you but does no damage.
Cleave: b) +0 hand axe
Press: ? - help, Dir - move target, f/p - gnoll
Aim: a gnoll, wielding a +0 halberd and quivering a throwing net (almost dead, haloed, about 17% to evade your +0 hand axe)
You hit the gnoll.
You kill the gnoll!
Press: ? - help, v - describe, . - travel, g - get item
Items here: ( )) ††.
The floor, spattered with blood.
This square is lit by a halo.
x - a throwing net
Items here: )) ††.
y - a +0 spear
a - a +4 sling (weapon)
Things that are here:
a +0 flail; a gnoll corpse
z - a +0 flail
Found a quarterstaff.
There is a stone staircase leading up here.
Found a barding.
Found a scroll labelled COCZUA NOIKKANG.
A giant cockroach comes into view.
Found a stone staircase leading down.
The giant cockroach bites you but does no damage.
You shoot a sling bullet.
The sling bullet barely misses the giant cockroach.
The giant cockroach bites you but does no damage. x2
You shoot a sling bullet.
The sling bullet hits the giant cockroach.
You kill the giant cockroach!
No target in view!
No target in view!
s - 4 scrolls labelled COCZUA NOIKKANG (gained 1)
You see here a +0 barding.
There is a stone staircase leading down here.
You climb downwards.
Found a sapphire potion.
There is a stone staircase leading up here.
The quokka bites you but does no damage.
b - a +0 hand axe (weapon)
The quokka barely misses you.
You hit the quokka.
The quokka is heavily wounded.
The quokka bites you.
You barely miss the quokka.
The quokka is heavily wounded.
The quokka bites you but does no damage.
You hit the quokka.
The quokka is almost dead.
The quokka closely misses you.
The quokka bites you but does no damage.
You hit the quokka.
You kill the quokka!
No target in view!
No target in view!
a - a +4 sling (weapon)
A - a sapphire potion An adder comes into view.
The adder hisses angrily.
Your line of fire to the adder is blocked by a granite statue.
You shoot a sling bullet.
The sling bullet completely misses the adder.
b - a +0 hand axe (weapon)
The adder closely misses you.
You hit the adder.
The adder is moderately wounded.
The adder barely misses you.
You hit the adder.
The adder is severely wounded.
The adder bites you but does no damage.
You hit the adder.
You kill the adder!
No target in view!
a - a +4 sling (weapon)
Found a stone staircase leading down.
You open the door.
Found a stone staircase leading down.
You open the door.
There is a stone staircase leading up here.
You climb upwards.
There is a stone staircase leading down here.
A jelly and an orc priest come into view.
The jelly quivers.
The orc priest shouts!
You shoot a sling bullet.
The sling bullet hits the jelly but does no damage.
You shoot a sling bullet. The sling bullet hits the jelly.
The jelly is moderately wounded.
b - a +0 hand axe (weapon)
The jelly hits you.
You are splashed with acid!
You hit the jelly.
Your hands burn!
The jelly is moderately wounded.
The jelly hits you but does no damage.
You hit the jelly but do no damage.
Your hands burn!
The jelly is moderately wounded.
You hit the orc priest. The jelly barely misses you.
The orc priest hits you but does no damage.
Cleave: b) +0 hand axe
Press: ? - help, Dir - move target, f/p - jelly
Aim: a jelly (moderately wounded, haloed, about 3% to evade your +0 hand axe)
You slash the jelly!
Your hands burn!
The jelly is almost dead.
You completely miss the orc priest. The jelly hits you but does no damage.
The orc priest invokes the aid of Beogh against you.
Beogh smites you!
* * * LOW HITPOINT WARNING * * *
An orc comes into view. It is wielding a +0 club.
Cleave: b) +0 hand axe
Press: ? - help, Dir - move target, f/p - jelly
Aim: a jelly (almost dead, haloed, about 3% to evade your +0 hand axe)
You hit the jelly but do no damage.
Your hands burn!
* * * LOW HITPOINT WARNING * * *
The jelly is almost dead.
You hit the orc priest but do no damage.
The jelly barely misses you. The orc priest closely misses you.
Cleave: b) +0 hand axe
Press: ? - help, Dir - move target, f/p - jelly
Aim: a jelly (almost dead, haloed, about 3% to evade your +0 hand axe)
You hit the jelly but do no damage. The acid corrodes you!
Your hands burn!
* * * LOW HITPOINT WARNING * * *
The jelly is almost dead.
You hit the orc priest. The jelly hits you.
* * * LOW HITPOINT WARNING * * *
The acid corrodes you!
You are splashed with acid!
You die...

#.##......#.# #.....#..
######.##........#######.....###
##............................#
...............######.#########
##.######.##.### #.# #..>...#
##.####.###..# ......<.# #..#
######.##
.#.####.###.####@J....o.
.#..........###>.o###.##
########..###.....##.# #
#.......[.....# .#
##.###.....#### .# #.# ##...##
## #.# ##.## ##### #.# #...##
#.#


You could see a jelly, an orc priest and an orc.

Vanquished Creatures
  A phantom (D:4)
  A wight (D:4)
  A hound (D:4)
  Robin (D:4)
  2 adders
  4 gnolls (D:4)
  A dart slug (D:2)
  2 ribbon worms (D:4)
  An orc (D:4)
  2 ball pythons (D:2)
  A bat (D:3)
  5 endoplasms
  3 giant cockroaches
  9 goblins
  3 hobgoblins
  3 jackals (D:3)
  A kobold (D:1)
  A quokka (D:5)
  4 frilled lizards
  2 rats
48 creatures vanquished.

Notes
Turn   | Place    | Note
-------+----------+-------------------------------------------
     0 | D:1      | jagoly the Gargoyle Monk began the quest for the Orb.
     0 | D:1      | Reached XP level 1. HP: 14/14 MP: 1/1
   156 | D:2      | Reached skill level 1 in Stealth
   156 | D:2      | Reached XP level 2. HP: 10/19 MP: 2/2
   288 | D:2      | Reached XP level 3. HP: 21/23 MP: 3/3
   414 | D:3      | Found a sacrificial altar of Ru.
   433 | D:5      | Entered Level 5 of the Dungeon
   433 | D:5      | Noticed a black bear
   478 | D:4      | Noticed Robin
   500 | D:4      | Killed Robin
   501 | D:4      | Reached XP level 4. HP: 21/29 MP: 4/4
   534 | D:4      | Found an ornate altar of the Wu Jian Council.
   557 | D:4      | Noticed a phantom
   576 | D:4      | Killed a phantom
   577 | D:4      | Reached XP level 5. HP: 23/34 MP: 5/5
   701 | D:3      | Found Egasalo's Antique Armour Emporium.
   805 | D:4      | Reached skill level 1 in Armour
   860 | D:4      | Found a hazy altar of Hepliaklqana.
   883 | D:4      | Reached XP level 6. HP: 34/39 MP: 6/6
  1025 | D:4      | HP: 1/39 [jelly (1)]
  1025 | D:4      | Splashed by a jelly's acid

Illustrated notes

Levels and vault maps discovered:
D:1:      lightli_arrival_windingriver, layout_loops_ring,
          nicolae_ecumenical_snake_handling, minmay_misc_feat_columns
D:2:      layout_basic, kennysheep_generic_room_8
D:3:      layout_rooms, nicolae_ru_path_of_blood, ebering_ghost_rock_garden,
          serial_shops, shop
D:4:      layout_loops_ring, nzn_wu_jian_council_hall, lemuel_round_altar,
          uniq_robin
D:5:      layout_basic, minmay_temple_entry_wispy, serial_shops, shop,
          nicolae_shop_tiny_waterfront, kennysheep_nub, minmay_strange_pillars,
          grunt_ministairs_5

Skill      XL: |  1  2  3  4  5  6 |
---------------+-------------------+-----
Axes           | 3 4 |  4.2
Stealth        | 1 2 |  2.0
Fighting       | 4 |  4.7
Armour         | 1 2 |  2.2
Dodging        | 3 |  3.0

Action                     |  1- 3 |  4- 6 || total
---------------------------+-------+-------++-------
  Melee: Hand axe          |    80 |    65 ||   145
   Fire: Sling             |       |    37 ||    37
 Armour: Robe              |    44 |    16 ||    60
         Ring mail         |       |    44 ||    44
         Leather armour    |       |     5 ||     5
  Dodge: Dodged            |    43 |    47 ||    90
